AoeStats
← hebus107

Black Forest

509485277Analyzed
2v2 RM · 5d ago on Sep 26, 2026· 60m 40s· 4 players
Game mode
Random Map
Map size
Medium (4 player)
Population
200
Speed
Normal
Resources
Standard
Victory
Conquest
Starting age
Dark Age
Ending age
Imperial Age
RankedLock teamsTeams togetherTeam positionsShared explorationLock speedFull tech treeHidden civsTurbo modeCheats
Victory
Defeat
🇦🇷 Franks · Argentina
900
+13
🇹🇷 Saracens · Türkiye
866
+21
🇨🇭 Lithuanians · Switzerland
845
-14
🇫🇷 Spanish · France
830
-14
ocak.mustafa.1144
3:17 Loom
11:17 Feudal Age
13:21 Double-Bit Axe
19:06 Castle Age
17:22 Horse Collar
20:11 Forging
20:07 Scale Barding Armor
22:58 Iron Casting
24:49 Gold Mining
27:15 Chain Barding Armor
28:16 Bow Saw
30:08 Heavy Plow
32:54 Wheelbarrow
31:47 Light Cavalry
32:38 Bloodlines
32:29 Husbandry
34:02 Fletching
34:13 Padded Archer Armor
38:04 Imperial Age
36:07 Hand Cart
39:48 Chemistry
39:09 Ballistics
38:45 Murder Holes
38:36 Arrowslits
39:02 Masonry
39:11 Elite Mameluke
39:26 Crossbowman
40:12 Thumb Ring
39:56 Hussar
41:50 Blast Furnace
41:26 Plate Barding Armor
40:47 Bodkin Arrow
41:08 Leather Archer Armor
42:14 Two-Man Saw
41:03 Arbalester
45:05 Bracer
45:49 Conscription
46:09 Ring Archer Armor
48:43 Hoardings
52:10 Counterweights
54:38 Onager
57:36 Fishing Lines
villagers-problems
1:35 Loom
11:38 Feudal Age
12:57 Wheelbarrow
12:09 Double-Bit Axe
12:18 Gold Mining
19:38 Castle Age
17:54 Stone Mining
20:42 Hand Cart
20:39 Bow Saw
21:07 Gold Shaft Mining
24:51 Treadmill Crane
29:17 Imperial Age
28:06 Masonry
30:09 Forging
30:04 Scale Barding Armor
32:56 Chemistry
32:20 Conscription
31:50 Pikeman
32:30 Squires
32:51 Ordonnance Companies
34:17 Architecture
33:44 Murder Holes
34:48 Iron Casting
34:33 Chain Barding Armor
35:01 Chain Barding Armor
34:41 Scale Mail Armor
34:31 Cavalier
35:12 Husbandry
35:46 Town Watch
35:41 Halberdier
36:07 Arson
37:26 Blast Furnace
36:40 Town Patrol
37:18 Plate Barding Armor
36:11 Elite Throwing Axeman
36:54 Chivalry
38:03 Hoardings
37:45 Chain Mail Armor
37:52 Paladin
39:14 Ballistics
43:21 Light Cavalry
45:00 Plate Mail Armor
48:20 Fletching
48:30 Padded Archer Armor
55:01 Elite Skirmisher
pigmeroid
0:59 Loom
13:16 Feudal Age
14:07 Horse Collar
14:16 Double-Bit Axe
17:17 Wheelbarrow
19:54 Castle Age
21:29 Heavy Plow
21:48 Bow Saw
25:03 Scale Mail Armor
25:25 Padded Archer Armor
25:49 Scale Barding Armor
25:40 Town Watch
25:56 Elite Skirmisher
30:17 Hand Cart
30:57 Caravan
35:31 Imperial Age
34:29 Hill Forts
34:53 Chain Barding Armor
34:44 Forging
34:27 Fletching
35:38 Fortified Wall
35:27 Murder Holes
35:53 Ballistics
35:55 Leather Archer Armor
35:11 Pikeman
35:54 Squires
36:43 Conscription
37:07 Plate Barding Armor
37:33 Thumb Ring
38:25 Tower Shields
38:20 Elite Leitis
40:12 Chemistry
40:24 Crop Rotation
41:43 Two-Man Saw
41:50 Town Patrol
44:13 Iron Casting
43:34 Bodkin Arrow
44:10 Ring Archer Armor
43:41 Scale Mail Armor
43:50 Halberdier
45:37 Masonry
45:07 Treadmill Crane
53:31 Bracer
53:49 Chain Mail Armor
hebus107
0:47 Loom
13:56 Feudal Age
14:34 Double-Bit Axe
14:33 Horse Collar
16:32 Wheelbarrow
16:33 Gold Mining
22:28 Castle Age
21:19 Stone Mining
24:05 Caravan
24:10 Heavy Plow
24:23 Bow Saw
25:09 Stone Shaft Mining
25:08 Hand Cart
28:22 Town Watch
29:17 Pikeman
29:43 Gambesons
29:59 Squires
29:58 Murder Holes
31:02 Ballistics
30:53 Town Patrol
36:07 Imperial Age
35:04 Forging
34:55 Scale Mail Armor
38:00 Chemistry
37:46 Iron Casting
37:26 Chain Mail Armor
37:24 Halberdier
38:49 Conscription
38:44 Elite Conquistador
40:39 Thumb Ring
40:08 Elite Skirmisher
47:19 Blast Furnace
46:50 Plate Mail Armor
46:27 Scale Barding Armor
53:35 Chain Barding Armor
53:06 Fletching
53:17 Padded Archer Armor
53:33 Masonry
53:45 Bombard Tower
53:15 Arrowslits
55:06 Plate Barding Armor
Connection lost

Rejoining the realm…

Still unreachable

The connection could not be restored.

Session expired

The server has moved on; the page needs a fresh start.